 Dungeon Crawl Stone Soup version 0.23-a0-488-g5fd82c5 (webtiles) character file.

26223 XanderDroid the Fighter (level 13, 0/106 HPs)
             Began as a Gnoll Wanderer on Dec 1, 2018.
             Was an Elder of Ashenzari.
             Slain by an eight-headed hydra (3 damage)
             ... on level 4 of the Lair of Beasts.
             The game lasted 01:02:09 (19203 turns).

XanderDroid the Fighter (Gnoll Wanderer)           Turns: 19203, Time: 01:02:10

Health: 0/106      AC: 20    Str: 20    XL:     13   Next: 24%
Magic:  0/25       EV: 16    Int: 13    God:    Ashenzari [****..]
Gold:   818        SH:  6    Dex: 16    Spells: 27/28 levels left

rFire    . . .     SeeInvis +   a - +1 flail "Nocir" {drain, rPois} (curse)
rCold    . . .     Gourm    .   l - +0 buckler
rNeg     . . .     Faith    .   A - +3 scale mail {MR+} (curse)
rPois    +         Spirit   +   (no helmet)
rElec    .         Reflect  .   H - +0 cloak
rCorr    .         Harm     .   w - +2 pair of gloves (curse)
MR       +....     Clarity  +   I - +0 pair of boots
Stlth    +++.......             v - amulet of guardian spirit
HPRegen  0.27/turn              i - +1 ring of evasion
MPRegen  0.19/turn              q - +3 ring of protection

@: about to teleport
A: distributed training, fangs 1, strong nose
a: Curse Item, Scrying, Renounce Religion


You were on level 4 of the Lair of Beasts.
You worshipped Ashenzari.
Ashenzari was greatly pleased with you.
You were not hungry.

You visited 3 branches of the dungeon, and saw 16 of its levels.

You collected 1130 gold pieces.
You spent 312 gold pieces at shops.

Inventory:

Hand Weapons
 a - the cursed +1 flail "Nocir" (weapon) {drain, rPois}
   (You found it on level 4 of the Dungeon)

   A truly terrible weapon, it drains the life of those it strikes.
   It protects you from poison.
   It has a curse placed upon it.
 b - a +1 long sword of venom
Missiles
 C - a throwing net (quivered)
Armour
 l - a +0 buckler (worn)
 w - a cursed +2 pair of gloves (worn)
 A - a cursed +3 scale mail of magic resistance (worn)
 H - a +0 cloak (worn)
 I - a +0 pair of boots (worn)
Jewellery
 i - a +1 ring of evasion (left hand)
 n - an uncursed ring of protection from cold
 q - a +3 ring of protection (right hand)
 v - an amulet of guardian spirit (around neck)
Wands
 g - a wand of flame (47)
 G - a wand of paralysis (11)
 K - a wand of acid (9)
Scrolls
 e - a scroll of blinking
 j - 5 scrolls of teleportation
 k - 3 scrolls of amnesia
 r - a scroll of noise {unknown}
 s - 2 scrolls of immolation
 u - 4 scrolls of remove curse
 y - a scroll of fog {unknown}
 J - a scroll of enchant weapon {unknown}
Potions
 c - 6 potions of curing
 d - 4 potions of heal wounds
 h - a potion of mutation
 m - 3 potions of lignification
 o - 2 potions of invisibility
 p - a potion of magic
 t - a potion of might
 x - a potion of berserk rage
 z - a potion of cancellation {unknown}
 B - a potion of haste {unknown}
 D - a potion of ambrosia {unknown}
 F - 3 potions of flight {unknown}
 L - a potion of brilliance {unknown}
Comestibles
 f - 17 rations
 E - 4 chunks of flesh


   Skills:
 + Level 11.4 Fighting
 + Level 8.0 Short Blades
 + Level 8.4 Long Blades
 + Level 8.0 Axes
 + Level 8.0(11.4) Maces & Flails
 + Level 8.0 Polearms
 + Level 8.0 Staves
 + Level 8.0 Slings
 + Level 8.4 Bows
 + Level 8.0 Crossbows
 + Level 8.4 Throwing
 + Level 8.4 Armour
 + Level 8.0 Dodging
 + Level 9.1 Stealth
 + Level 8.0 Shields
 + Level 8.0 Unarmed Combat
 + Level 8.0 Spellcasting
 + Level 6.6 Conjurations
 + Level 6.6 Hexes
 + Level 6.6 Charms
 + Level 6.6 Summonings
 + Level 6.6 Necromancy
 + Level 6.6 Translocations
 + Level 6.6 Transmutations
 + Level 6.6 Fire Magic
 + Level 6.6 Ice Magic
 + Level 6.6 Air Magic
 + Level 6.6 Earth Magic
 + Level 6.6 Poison Magic
 + Level 8.7 Invocations
 + Level 8.0 Evocations


You had 27 spell levels left.
You knew the following spells:

 Your Spells              Type           Power        Failure   Level  Hunger
a - Confusing Touch       Hex            ###...       2%          1    None

Your spell library contained the following spells:

 Spells                   Type           Power        Failure   Level  Hunger
 Animate Skeleton         Necr           N/A          2%          1    None
 Apportation              Tloc           ###...       2%          1    None
 Summon Small Mammal      Summ           ###.         2%          1    None


Dungeon Overview and Level Annotations

Branches:
Dungeon (11/15)            Temple (1/1) D:5            Lair (4/6) D:11
 Shoals (0/4) Lair:2       Spider (0/4) Lair:4          Orc (0/2) D:9

Altars:
Ashenzari
Cheibriados
Dithmenos
Elyvilon
Fedhas
Gozag
Hepliaklqana
Kikubaaqudgha
Makhleb
Nemelex Xobeh
Okawaru
Qazlal
Ru
Sif Muna
Trog
Uskayaw
Vehumet
Wu Jian
Xom
Yredelemnul
Zin
The Shining One

Shops:
D:8 (   D:9 [

Portals:
Trove: D:11 (give 13 scrolls of teleportation)

Annotations:
Lair:4 Josephine


Innate Abilities, Weirdness & Mutations

Your experience applies equally to all skills.
You have very sharp teeth.
Your uncanny sense of smell can sniff out nearby items.


Message History

The eight-headed hydra bites you but does no damage.
The eight-headed hydra closely misses you.
The eight-headed hydra barely misses you.
You block the eight-headed hydra's attack.
The eight-headed hydra bites you but does no damage.
The eight-headed hydra bites you!
* * * LOW HITPOINT WARNING * * *
The eight-headed hydra bites you!
* * * LOW HITPOINT WARNING * * *
The eight-headed hydra bites you.
* * * LOW HITPOINT WARNING * * *
As you read the scroll of teleportation, it crumbles to dust.
You feel strangely unstable.
The eight-headed hydra bites you but does no damage.
The eight-headed hydra bites you!
* * * LOW HITPOINT WARNING * * *
The eight-headed hydra misses you.
The eight-headed hydra bites you but does no damage.
The eight-headed hydra bites you.
You die...

..............# ###.#.#P..##
..............#####..#.##...#
................#......###..#
................#......###.##
...............# #.^...##..#
...............###.........#
..........^..^##.#.......#.#
.............##^^^.........#
.............#.^@D..^..#...##
#..........^..^>^.....####.^#
.#........#...^..........P..#
####.....##^...#............##
##....#^^^^..###..........#
##.....##^^...###.........#
#.......###...............#
##.....#.#####.#.....)....#
#.....###.####............#


You could see an eight-headed hydra.

Vanquished Creatures
  Snorg (Lair:3)
  A hydra (Lair:1)
  A death yak (Lair:2)
  A two-headed ogre (D:11)
  An unseen horror (D:10)
  A cyclops (D:11)
  A black mamba (Lair:2)
  Maurice (D:11)
  3 merfolk sirens
  A torpor snail (Lair:2)
  3 spiny frogs
  2 rime drakes
  4 komodo dragons
  A troll (D:9)
  A merfolk (Lair:1)
  12 blink frogs
  6 hippogriffs
  Grinder (D:3)
  A shadow (D:11)
  A redback (Lair:4)
  2 wyverns
  36 yaks
  A wraith (Lair:3)
  A basilisk (Lair:1)
  3 hungry ghosts
  A steam dragon (D:11)
  4 water moccasins
  5 porcupines
  An orc warrior (D:7)
  A sky beast (D:11)
  A black bear (D:11)
  3 ice beasts
  4 ogres
  7 phantoms
  6 centaurs
  2 necrophages
  8 wolves
  9 crocodiles
  3 big kobolds
  18 bullfrogs
  4 troll zombies (D:9)
  2 scorpions
  11 howler monkeys
  An electric eel (Lair:2)
  11 crimson imps
  A jelly (D:9)
  4 hounds
  A gnoll shaman (D:6)
  6 orc priests
  2 centaur skeletons
  11 orc wizards
  An iguana (D:8)
  6 worker ants
  A killer bee zombie (D:6)
  2 ogre zombies (D:9)
  A hound zombie (D:11)
  A hound skeleton (D:5)
  A worker ant zombie (D:8)
  A howler monkey skeleton (D:9)
  A howler monkey zombie (D:6)
  7 gnolls
  10 adders
  2 shadow imps
  2 oozes
  An adder zombie (D:6)
  5 adder skeletons
  4 worms
  2 dart slugs (D:1)
  8 leopard geckos
  28 orcs
  4 ball pythons
  5 giant cockroaches
  6 goblins
  6 hobgoblins
  14 jackals
  24 kobolds
  5 quokkas
  3 bats
  3 frilled lizards
  3 goblin skeletons (D:9)
  2 goblin zombies (D:9)
  A hobgoblin skeleton (D:9)
  A hobgoblin zombie (D:9)
  2 orc skeletons (D:9)
  10 orc zombies (D:9)
  11 rats
  2 plants (D:11)
400 creatures vanquished.

Vanquished Creatures (others)
  A fungus (Lair:3)
  9 plants
10 creatures vanquished.

Grand Total: 410 creatures vanquished

Notes
Turn   | Place    | Note
-------+----------+-------------------------------------------
     0 | D:1      | XanderDroid the Gnoll Wanderer began the quest for the Orb.
     0 | D:1      | XanderDroid set off with the following items: a +2 dagger,
                  | a potion of heal wounds, a potion of curing, a +0 falchion,
                  | a +0 robe, a ration
     0 | D:1      | Reached XP level 1. HP: 26/26 MP: 1/1
   370 | D:1      | Reached XP level 2. HP: 31/33 MP: 2/2
   651 | D:1      | Reached XP level 3. HP: 38/38 MP: 3/3
  1029 | D:2      | Found a faded altar of an unknown god.
  1180 | D:1      | Reached skill level 1 in Invocations
  1720 | D:2      | Reached skill level 1 in Short Blades
  1720 | D:2      | Reached skill level 1 in Axes
  1720 | D:2      | Reached skill level 1 in Maces & Flails
  1720 | D:2      | Reached skill level 1 in Polearms
  1720 | D:2      | Reached skill level 1 in Staves
  1720 | D:2      | Reached skill level 1 in Slings
  1720 | D:2      | Reached skill level 1 in Crossbows
  1720 | D:2      | Reached skill level 1 in Dodging
  1720 | D:2      | Reached skill level 1 in Shields
  1720 | D:2      | Reached skill level 1 in Unarmed Combat
  1720 | D:2      | Reached skill level 1 in Spellcasting
  1720 | D:2      | Reached skill level 1 in Evocations
  1720 | D:2      | Reached XP level 4. HP: 33/45 MP: 3/5
  2032 | D:2      | Found a basalt altar of Yredelemnul.
  2033 | D:2      | Found a sacrificial altar of Ru.
  2665 | D:2      | Reached skill level 1 in Conjurations
  2665 | D:2      | Reached skill level 1 in Hexes
  2665 | D:2      | Reached skill level 1 in Charms
  2665 | D:2      | Reached skill level 1 in Summonings
  2665 | D:2      | Reached skill level 1 in Necromancy
  2665 | D:2      | Reached skill level 1 in Translocations
  2665 | D:2      | Reached skill level 1 in Transmutations
  2665 | D:2      | Reached skill level 1 in Fire Magic
  2665 | D:2      | Reached skill level 1 in Ice Magic
  2665 | D:2      | Reached skill level 1 in Air Magic
  2665 | D:2      | Reached skill level 1 in Earth Magic
  2665 | D:2      | Reached skill level 1 in Poison Magic
  2894 | D:3      | Reached XP level 5. HP: 49/51 MP: 6/6
  3141 | D:3      | Noticed Grinder
  3144 | D:3      | Paralysed by Grinder for 6 turns
  3160 | D:3      | Paralysed by Grinder for 6 turns
  3178 | D:3      | Paralysed by Grinder for 2 turns
  3187 | D:3      | Killed Grinder
  3187 | D:3      | Reached XP level 6. HP: 8/57 MP: 2/8
  3595 | D:3      | Found a shimmering altar of Xom.
  3613 | D:3      | Found a transporter.
  3721 | D:3      | Found a blossoming altar of Fedhas.
  3725 | D:3      | Found a bloodstained altar of Trog.
  3742 | D:3      | Found an ornate altar of the Wu Jian Council.
  3974 | D:3      | Found a transporter.
  4554 | D:4      | Noticed a phantom
  4591 | D:4      | Killed a phantom
  4591 | D:4      | Reached XP level 7. HP: 57/63 MP: 10/10
  4913 | D:4      | Found a white marble altar of Elyvilon.
  5208 | D:4      | Got an ichor-stained flail
  5209 | D:4      | Identified the cursed +1 flail "Nocir" {drain, rPois} (You
                  | found it on level 4 of the Dungeon)
  5491 | D:5      | Entered Level 5 of the Dungeon
  5601 | D:5      | Reached skill level 9 in Fighting
  5601 | D:5      | Reached skill level 5 in Stealth
  5886 | D:5      | Found a staircase to the Ecumenical Temple.
  5939 | Temple   | Entered the Ecumenical Temple
  5984 | Temple   | Became a worshipper of Ashenzari the Shackled
  6084 | D:5      | Reached XP level 8. HP: 62/71 MP: 9/12
  7400 | D:6      | Reached XP level 9. HP: 76/76 MP: 14/14
  8090 | D:7      | Reached * piety under Ashenzari
  8138 | D:7      | Found an opulent altar of Gozag.
  8268 | D:7      | Found a deep blue altar of Sif Muna.
  8337 | D:7      | Found a glowing golden altar of the Shining One.
  8617 | D:7      | Reached skill level 5 in Long Blades
  8617 | D:7      | Reached skill level 5 in Bows
  8617 | D:7      | Reached skill level 5 in Throwing
  8617 | D:7      | Reached skill level 5 in Armour
  8877 | D:8      | Found an ancient bone altar of Kikubaaqudgha.
  8983 | D:8      | Found Giet's Weapon Shoppe.
  9053 | D:8      | Reached skill level 5 in Invocations
  9311 | D:7      | Reached XP level 10. HP: 61/84 MP: 12/17
  9428 | D:8      | Found a stormy altar of Qazlal.
  9832 | D:9      | Reached ** piety under Ashenzari
  9901 | D:9      | Found a staircase to the Orcish Mines.
 10365 | D:9      | Found Voipruqyg's Armour Shoppe.
 10372 | D:9      | Reached skill level 5 in Short Blades
 10372 | D:9      | Reached skill level 5 in Axes
 10372 | D:9      | Reached skill level 5 in Maces & Flails
 10372 | D:9      | Reached skill level 5 in Polearms
 10372 | D:9      | Reached skill level 5 in Staves
 10372 | D:9      | Reached skill level 5 in Slings
 10372 | D:9      | Reached skill level 5 in Crossbows
 10372 | D:9      | Reached skill level 5 in Dodging
 10372 | D:9      | Reached skill level 5 in Shields
 10372 | D:9      | Reached skill level 5 in Unarmed Combat
 10372 | D:9      | Reached skill level 5 in Spellcasting
 10372 | D:9      | Reached skill level 5 in Evocations
 10408 | D:9      | Bought a +3 scale mail of magic resistance for 312 gold
                  | pieces
 10478 | D:9      | Learned a level 1 spell: Confusing Touch
 11133 | D:9      | Reached skill level 10 in Fighting
 11334 | D:10     | Entered Level 10 of the Dungeon
 11504 | D:10     | Killed an unseen horror
 11729 | D:10     | Reached XP level 11. HP: 91/91 MP: 19/19
 12459 | D:11     | Noticed a two-headed ogre
 12478 | D:11     | Killed a two-headed ogre
 12691 | D:11     | Reached skill level 5 in Conjurations
 12691 | D:11     | Reached skill level 5 in Hexes
 12691 | D:11     | Reached skill level 5 in Charms
 12691 | D:11     | Reached skill level 5 in Summonings
 12691 | D:11     | Reached skill level 5 in Necromancy
 12691 | D:11     | Reached skill level 5 in Translocations
 12691 | D:11     | Reached skill level 5 in Transmutations
 12691 | D:11     | Reached skill level 5 in Fire Magic
 12691 | D:11     | Reached skill level 5 in Ice Magic
 12691 | D:11     | Reached skill level 5 in Air Magic
 12691 | D:11     | Reached skill level 5 in Earth Magic
 12691 | D:11     | Reached skill level 5 in Poison Magic
 13307 | D:11     | Found a staircase to the Lair.
 13397 | D:11     | Reached *** piety under Ashenzari
 13406 | D:11     | Noticed a cyclops
 13410 | D:11     | Noticed Maurice
 13644 | D:11     | Killed Maurice
 13725 | D:11     | Found a portal to a secret trove of treasure.
 13725 | D:11     | Noticed a vault guard
 13850 | D:11     | Killed a cyclops
 13854 | Lair:1   | Entered Level 1 of the Lair of Beasts
 13988 | Lair:1   | Reached XP level 12. HP: 67/99 MP: 20/22
 14236 | Lair:1   | Noticed an eight-headed hydra
 14240 | Lair:1   | Found an iron altar of Okawaru.
 14253 | Lair:1   | Killed an eight-headed hydra
 15970 | Lair:2   | Reached skill level 11 in Fighting
 16503 | Lair:2   | Found a staircase to the Shoals.
 17929 | Lair:3   | Noticed Snorg
 17976 | Lair:3   | Killed Snorg
 17976 | Lair:3   | Reached XP level 13. HP: 54/106 MP: 12/24
 18193 | Lair:3   | Reached **** piety under Ashenzari
 18800 | Lair:4   | Noticed Josephine
 18925 | Lair:4   | Found a hole to the Spider Nest.
 19203 | Lair:4   | HP: 3/106 [eight-headed hydra (9)]
 19203 | Lair:4   | Slain by an eight-headed hydra

Vault maps used:
D:1:      onia_arrival_mini_maze
D:2:      nicolae_overflow_hidden_temple, chequers_ecumenical_altar_simple
D:3:      gammafunk_wand_slinger, minmay_overflow_temple_star_quad,
          nicolae_overflow_crystal_walls, uniq_grinder
D:4:      marbit_many_paths, first_ration
D:5:      minmay_temple_entry_slanted, grunt_ministairs_11
D:7:      kennysheep_little_box, kennysheep_mini_moat, grunt_gozag_breadcrumbs
D:8:      lemuel_doored_altar, nicolae_qazlal_style_of_elements, serial_shops,
          shop
D:9:      zombieorc1_lemuel, serial_shops, shop
D:11:     david_lair_shrubbed, enter_trove_5, uniq_maurice
Temple:   cyrus_temple_forest
Lair:1:   basic_altar
Lair:2:   elwin_shoals_entry_stream, st_stairs_8, lemuel_fruit_tree
Lair:3:   uniq_snorg
Lair:4:   spider_nest_entry_webs, serial_bayou_shore_a, uniq_josephine

Skill      XL: |  1  2  3  4  5  6  7  8  9 10 11 12 13 |
---------------+----------------------------------------+-----
Invocations    | 1 2 3 4 5 6 7 8 |  8.7
Short Blades   | 1 2 3 4 5 6 7 8 |  8.0
Axes           | 1 2 3 4 5 6 7 8 |  8.0
Maces & Flails | 1 2 3 4 5 6 7 8 |  8.0
Polearms       | 1 2 3 4 5 6 7 8 |  8.0
Staves         | 1 2 3 4 5 6 7 8 |  8.0
Slings         | 1 2 3 4 5 6 7 8 |  8.0
Crossbows      | 1 2 3 4 5 6 7 8 |  8.0
Dodging        | 1 2 3 4 5 6 7 8 |  8.0
Shields        | 1 2 3 4 5 6 7 8 |  8.0
Unarmed Combat | 1 2 3 4 5 6 7 8 |  8.0
Spellcasting   | 1 2 3 4 5 6 7 8 |  8.0
Evocations     | 1 2 3 4 5 6 7 8 |  8.0
Conjurations   | 1 2 3 4 5 6 |  6.6
Hexes          | 1 2 3 4 5 6 |  6.6
Charms         | 1 2 3 4 5 6 |  6.6
Summonings     | 1 2 3 4 5 6 |  6.6
Necromancy     | 1 2 3 4 5 6 |  6.6
Translocations | 1 2 3 4 5 6 |  6.6
Transmutations | 1 2 3 4 5 6 |  6.6
Fire Magic     | 1 2 3 4 5 6 |  6.6
Ice Magic      | 1 2 3 4 5 6 |  6.6
Air Magic      | 1 2 3 4 5 6 |  6.6
Earth Magic    | 1 2 3 4 5 6 |  6.6
Poison Magic   | 1 2 3 4 5 6 |  6.6
Long Blades    | 3 4 5 6 7 8 |  8.4
Bows           | 3 4 5 6 7 8 |  8.4
Throwing       | 3 4 5 6 7 8 |  8.4
Armour         | 3 4 5 6 7 8 |  8.4
Fighting       | 9 10 11 | 11.4
Stealth        | 5 6 7 8 9 |  9.1

Action                   |  1- 3 |  4- 6 |  7- 9 | 10-12 | 13-15 || total
-------------------------+-------+-------+-------+-------+-------++-------
Melee: Falchion          |   103 |   210 |    65 |       |       ||   378
       Bite              |    11 |    30 |    74 |   151 |    23 ||   289
       Flail             |       |       |   385 |  1025 |   141 ||  1551
 Cast: Confusing Touch   |       |       |       |     6 |     3 ||     9
Invok: Curse Item        |       |       |     1 |     1 |       ||     2
       Scrying           |       |       |       |     1 |       ||     1
Evoke: Wand              |       |       |       |     5 |       ||     5
  Use: Scroll            |       |     4 |     5 |     4 |     2 ||    15
       Potion            |       |       |     1 |       |       ||     1
 Stab: Sleeping          |     2 |       |       |     5 |     2 ||     9
       Confused          |       |       |       |     6 |     2 ||     8
  Eat: Chunk             |     2 |     7 |    15 |    29 |     2 ||    55
       Ration            |       |     1 |       |     2 |     1 ||     4
Armor: Robe              |     4 |       |       |       |       ||     4
       Chain mail        |    49 |   119 |   272 |    54 |       ||   494
       Scale mail        |       |       |       |   349 |    55 ||   404
Dodge: Dodged            |    46 |    57 |   195 |   631 |    88 ||  1017
Block: Buckler           |    12 |    32 |   142 |   261 |    41 ||   488
       Rpst.: Falchion   |    15 |    19 |     7 |       |       ||    41

Table legend:
 A = Non-vault XP
 B = Vault XP
 C = Vault XP percentage of total XP
 D = Non-vault monster count
 E = Vault monster count
 F = Vault count percentage of total count
                 A         B        C        D         E       F
            +---------+---------+-------+---------+---------+-------
      Total |   32314 |    5148 |  13.7 |     352 |      46 |  11.6
            +---------+---------+-------+---------+---------+-------
        D:1 |      55 |       2 |   3.5 |      23 |       2 |   8.0
        D:2 |      77 |       0 |   0.0 |      21 |       0 |   0.0
        D:3 |     225 |     290 |  56.3 |      30 |       2 |   6.2
        D:4 |     270 |       0 |   0.0 |      15 |       0 |   0.0
        D:5 |     611 |      24 |   3.8 |      22 |       4 |  15.4
        D:6 |    1258 |       0 |   0.0 |      33 |       0 |   0.0
        D:7 |     925 |       0 |   0.0 |      15 |       0 |   0.0
        D:8 |    1021 |       0 |   0.0 |      27 |       0 |   0.0
        D:9 |    1769 |     803 |  31.2 |      17 |      29 |  63.0
       D:10 |    2561 |       0 |   0.0 |      23 |       0 |   0.0
       D:11 |    6273 |     829 |  11.7 |      47 |       2 |   4.1
     Lair:1 |    5583 |     270 |   4.6 |      24 |       1 |   4.0
     Lair:2 |    6112 |     909 |  12.9 |      30 |       2 |   6.2
     Lair:3 |    4210 |    1315 |  23.8 |      18 |       2 |  10.0
     Lair:4 |    1364 |     706 |  34.1 |       7 |       2 |  22.2
            +---------+---------+-------+---------+---------+-------
